Map: Cactus Valley LE (Void)

Players

Serral - Winner!

  • Race: Zerg Zerg
  • Spawn Location: 5:00

Zest

  • Race: Protoss Protoss
  • Spawn Location: 1:00

Event: IEM XI Katowice - World Championship 2017

VOD

Have the link to the VOD?

Description

Time

  • Played on: March 2, 2017, 11:39 p.m.
  • Length: 8:49

All games in this series

Show
View Real Time Build Order
Export as new Build Order

Serral Zerg - Winner!

Build Orders: Hatch First 

Get SALT Encoding   

  12  0:00  Drone  
  13  0:12  Overlord  
  13  0:18  Drone  
  14  0:31  Drone x2  
  14  0:34  Drone  
  17  0:52  Hatchery  
  17  0:56  Drone  
  17  0:59  Drone  
  18  1:09  Extractor  
  17  1:15  Spawning Pool  
  16  1:19  Drone  
  16  1:22  Drone  
  18  1:29  Drone  
  19  1:40  Overlord  
  19  1:58  Drone  
  20  2:02  Zergling x2, Queen  
  20  2:06  Zergling x2, Queen  
  26  2:10  Metabolic Boost  
  26  2:14  Drone  
  27  2:18  Drone  
  27  2:22  Drone  
  29  2:27  Drone  
  30  2:34  Drone  
  31  2:46  Hatchery  
  31  2:47  Zergling x2  
  31  2:50  Drone  
  32  2:56  Queen  
  34  3:02  Overlord  
  34  3:05  Drone  
  35  3:08  Drone  
  36  3:13  Overlord  
  35  3:21  Drone x3  
  35  3:22  Drone  
  35  3:24  Drone  
  35  3:27  Drone  
  41  3:34  Roach Warren  
  41  3:36  Drone  
  41  3:38  Drone  
  41  3:40  Drone  
  43  3:43  Drone  
  43  3:46  Drone x2  
  46  3:50  Overlord  
  46  3:51  Drone  
  47  3:56  Drone  
  47  3:57  Overlord  
  47  4:00  Zergling x2  
  47  4:01  Zergling x2  
  50  4:14  Roach x5  
  50  4:16  Roach  
  62  4:19  Roach  
  62  4:22  Roach  
  66  4:24  Zergling x2  
  66  4:25  Zergling x4  
  69  4:33  Zergling x4  
  69  4:35  Overlord  
  71  4:41  Zergling x2  
  71  4:42  Overlord  
  71  4:43  Drone  
  71  4:45  Lair  
  73  4:47  Extractor, Drone  
  73  4:48  Evolution Chamber  
  73  4:49  Overlord  
  73  4:50  Drone  
  73  4:53  Drone  
  73  4:56  Drone  
  73  4:57  Drone x2  
  73  4:58  Drone  
  75  5:01  Drone  
  75  5:06  Zergling x6  
  75  5:08  Drone x2  
  75  5:11  Drone x2  
  79  5:14  Zerg Melee Weapons Level 1  
  79  5:16  Drone  
  79  5:20  Overlord  
  80  5:22  Queen  
  80  5:25  Drone  
  83  5:28  Drone x2  
  83  5:29  Extractor x2  
  83  5:30  Drone x2  
  83  5:34  Overlord  
  83  5:35  Roach  
  87  5:38  Drone x2  
  88  5:46  Overlord, Baneling Nest  
  88  5:47  Drone x4  
  91  5:51  Roach  
  91  5:52  Ravager x2  
  91  5:55  Overlord  
  91  5:57  Overlord  
  95  5:58  Extractor  
  95  6:01  Overlord  
  95  6:03  Ravager  
  95  6:05  Zergling x4, Roach  
  95  6:08  Overlord  
  95  6:09  Overlord  
  99  6:13  Ravager x2  
  101  6:20  Zergling x10, Roach x2  
  101  6:24  Overlord  
  110  6:28  Zergling x2  
  110  6:29  Zergling x10  
  113  6:35  Centrifical Hooks  
  113  6:38  Drone x3  
  113  6:39  Drone  
  116  6:46  Overlord  
  116  6:48  Overlord  
  116  6:50  Zergling x6  
  116  6:53  Zergling x4  
  120  6:54  Ravager x3  
  120  6:59  Roach x4  
  131  7:05  Overlord  
  126  7:11  Zergling x4  
  126  7:14  Zergling x2  
  126  7:18  Zergling x6  
  126  7:19  Zergling x6  
  126  7:22  Zergling x2  
  127  7:24  Zergling x2  
  127  7:27  Glial Reconstitution  
  122  7:31  Roach  
  122  7:34  Baneling, Ravager  
  122  7:35  Baneling x7  
  121  7:38  Baneling x6  
  121  7:39  Overlord  
  121  7:43  Zergling x6, Roach x2  
  128  7:45  Baneling x2  
  128  7:46  Zergling x4  
  128  7:47  Zergling x6  
  128  7:51  Zergling x4  
  133  7:53  Hatchery  
  133  7:58  Roach x2  
  134  8:02  Baneling  
  134  8:03  Baneling x6  
  134  8:05  Zergling x10  
  135  8:12  Zergling x4  
  137  8:17  Roach x2  
  137  8:18  Roach x2  
  143  8:21  Extractor  
  142  8:29  Zergling x2  
  142  8:30  Zergling x4  
Show
View Real Time Build Order
Export as new Build Order

Zest Protoss 

Build Orders: 1 Gate Expand 

Get SALT Encoding   

  12  0:00  Probe (Chrono Boost)  
  13  0:11  Probe (Chrono Boost)  
  14  0:17  Pylon  
  14  0:22  Probe (Chrono Boost)  
  16  0:35  Probe (Chrono Boost)  
  16  0:39  Gateway  
  16  0:46  Probe (Chrono Boost)  
  16  0:49  Assimilator  
  17  0:57  Probe (Chrono Boost)  
  18  1:07  Probe (Chrono Boost)  
  19  1:22  Nexus  
  19  1:25  Probe (Chrono Boost)  
  20  1:35  Cybernetics Core  
  20  1:37  Probe (Chrono Boost)  
  21  1:44  Assimilator  
  21  1:48  Probe (Chrono Boost)  
  21  1:53  Pylon  
  22  1:58  Probe (Chrono Boost)  
  23  2:08  Adept  
  23  2:12  Warp Gate, Probe (Chrono Boost)  
  26  2:25  Twilight Council, Probe (Chrono Boost)  
  27  2:32  Adept  
  27  2:34  Probe (Chrono Boost)  
  27  2:37  Probe (Chrono Boost)  
  31  2:45  Probe (Chrono Boost)  
  31  2:48  Resonating Glaives  
  31  2:50  Probe (Chrono Boost)  
  33  2:55  Probe (Chrono Boost)  
  34  3:02  Probe (Chrono Boost)  
  35  3:06  Probe (Chrono Boost)  
  35  3:08  Robotics Facility  
  37  3:14  Probe (Chrono Boost)  
  37  3:21  Gateway  
  37  3:23  Gateway  
  37  3:24  Probe (Chrono Boost)  
  39  3:27  Probe (Chrono Boost)  
  39  3:31  Adept  
  41  3:35  Mothership Core (Chrono Boost)  
  41  3:40  Probe (Chrono Boost)  
  44  3:43  Pylon  
  44  3:48  Pylon  
  44  3:52  Probe (Chrono Boost)  
  44  3:54  Probe (Chrono Boost)  
  46  3:56  Warp Prism  
  49  4:04  Probe (Chrono Boost)  
  49  4:06  Probe (Chrono Boost)  
  50  4:16  Adept x2  
  54  4:17  Adept  
  56  4:26  Nexus  
  56  4:29  Pylon  
  56  4:32  Immortal  
  60  4:49  Assimilator, Sentry, Probe x2 (Chrono Boost)  
  60  4:51  Sentry  
  66  4:54  Assimilator  
  66  5:11  Probe x2 (Chrono Boost)  
  68  5:17  Pylon  
  68  5:21  Observer  
  68  5:22  Gateway  
  68  5:24  Gateway  
  68  5:26  Gateway  
  69  5:33  Probe (Chrono Boost)  
  69  5:34  Gateway  
  71  5:37  Probe (Chrono Boost)  
  71  5:38  Gateway, Immortal  
  71  5:44  Sentry x3  
  71  5:49  Probe (Chrono Boost)  
  83  5:50  Probe (Chrono Boost)  
  83  5:54  Probe (Chrono Boost)  
  84  5:59  Pylon, Probe (Chrono Boost)  
  84  6:00  Pylon  
  86  6:05  Probe (Chrono Boost)  
  86  6:06  Probe (Chrono Boost)  
  87  6:12  Immortal  
  91  6:20  Probe x2 (Chrono Boost)  
  91  6:22  Probe (Chrono Boost)  
  94  6:31  Probe x2 (Chrono Boost)  
  96  6:38  Probe (Chrono Boost), Robotics Facility  
  97  6:41  Robotics Bay, Probe (Chrono Boost)  
  97  6:43  Forge  
  97  6:44  Assimilator  
  98  6:48  Assimilator, Probe (Chrono Boost)  
  98  6:50  Pylon, Probe (Chrono Boost)  
  102  7:01  Probe (Chrono Boost)  
  102  7:03  Probe x2 (Chrono Boost)  
  103  7:11  Probe (Chrono Boost)  
  96  7:16  Adept x2  
  96  7:17  Adept x6  
  96  7:18  Probe (Chrono Boost)  
  96  7:20  Probe (Chrono Boost)  
  100  7:24  Probe (Chrono Boost)  
  106  7:30  Probe (Chrono Boost)  
  106  7:36  Disruptor x2  
  106  7:37  Pylon  
  106  7:39  Pylon  
  106  7:42  Pylon  
  106  7:43  Sentry x4  
  108  7:54  Pylon  
  108  8:03  Stalker x2  
  108  8:04  Stalker x2  
  114  8:11  Zealot  
  114  8:12  Disruptor  
  116  8:14  Pylon  
  116  8:15  Pylon x2  
  116  8:18  Pylon  
  116  8:19  Zealot x3  
  98  8:37  Stalker x5  
  90  8:45  Stalker x3  

Tags
 
Add a new tag
Caveats
  • Supply blocks, unpowered buildings, or Contaminate may cause inaccurate times.
  • Supply counts are checked every 10 seconds.